 Dungeon Crawl Stone Soup version 0.22.1-2-g9c5b331 (webtiles) character file.

3697 miragecloak the Martial Artist (level 10, 0/94 HPs)
             Began as an Octopode Transmuter on Nov 12, 2018.
             Was a Believer of the Shining One.
             Slain by a killer bee (4 damage)
             ... on level 9 of the Dungeon on Nov 16, 2018.
             The game lasted 00:15:55 (9928 turns).

miragecloak the Martial Artist (OpTm)               Turns: 9928, Time: 00:15:55

Health: 0/94       AC: 25    Str: 14    XL:     10   Next: 13%
Magic:  22/22      EV:  2    Int: 18    God:    the Shining One [**....]
Gold:   373        SH:  0    Dex: 16    Spells: 5/13 levels left

rFire    . . .     SeeInvis .     - Unarmed
rCold    . . .     Gourm    .   (no shield)
rNeg     + + +     Faith    .   (helmet currently unavailable)
rPois    +         Spirit   .   (no amulet)
rElec    .         Reflect  .   n - +1 ring of evasion
rCorr    .         Harm     .   p - +2 ring of intelligence
MR       .....     NoTele   +   q - +2 ring of slaying
Stlth    +.........             u - ring of magical power
HPRegen  0.25/turn              (no ring)
MPRegen  0.18/turn              (no ring)
                                (no ring)
                                (no ring)

@: mighty, tree-form, glowing
A: almost no armour, stealthy swim, (amphibious), 8 rings, (constrict 8)
a: Divine Shield, Renounce Religion


You were on level 9 of the Dungeon.
You worshipped the Shining One.
The Shining One was pleased with you.
You were not hungry.
You were a tree.
You visited 2 branches of the dungeon, and saw 10 of its levels.

You collected 453 gold pieces.
You spent 80 gold pieces at shops.

Inventory:

Missiles
 a - 193 arrows
Jewellery
 n - a +1 ring of evasion (left branch)
 p - a +2 ring of intelligence (right branch)
 q - a +2 ring of slaying (on tentacle)
 u - a ring of magical power (on tentacle)
 A - an uncursed ring of protection from fire {unknown}
Wands
 z - a wand of paralysis (13)
Scrolls
 b - 2 scrolls of teleportation
 e - 4 scrolls of remove curse
 j - 4 scrolls of amnesia
 k - a scroll of fog {unknown}
 o - a scroll of enchant armour {unknown}
 r - 2 scrolls of immolation
 t - 2 scrolls of noise {unknown}
 x - a scroll of fear {unknown}
 y - 2 scrolls of identify
Potions
 f - a potion of mutation {unknown}
 h - a potion of agility
 l - a potion of invisibility {unknown}
 v - a potion of flight {unknown}
 w - a potion of magic {unknown}
Comestibles
 c - 10 rations
 g - 8 chunks of flesh


   Skills:
 - Level 4.0 Fighting
 - Level 2.0 Dodging
 + Level 10.2 Unarmed Combat
 - Level 2.0 Spellcasting
 - Level 8.2 Transmutations
 - Level 3.1 Ice Magic
 - Level 4.4 Poison Magic


You had 5 spell levels left.
You knew the following spells:

 Your Spells              Type           Power        Failure   Level  Hunger
a - Beastly Appendage     Tmut           ####..       1%          1    #......
b - Spider Form           Tmut/Pois      ###.......   4%          3    ###....
c - Ice Form              Ice/Tmut       ###.....     17%         4    #####..

Your spell library contained the following spells:

 Spells                   Type           Power        Failure   Level  Hunger
 Sticks to Snakes         Tmut           ####....     1%          2    ###....
 Blade Hands              Tmut           ####......   17%         5    ######.
 Animate Skeleton         Necr           N/A          19%         1    #......
 Apportation              Tloc           #.....       19%         1    #......
 Confusing Touch          Hex            #.....       19%         1    #......
 Summon Small Mammal      Summ           #...         19%         1    #......


Dungeon Overview and Level Annotations

Branches:
Dungeon (9/15)             Temple (1/1) D:7
   Lair: D:8-11         Orc: D:9-12

Altars:
Ashenzari
Dithmenos
Fedhas
Hepliaklqana
Kikubaaqudgha
Makhleb
Okawaru
Qazlal
Ru
Sif Muna
Xom
Yredelemnul
The Shining One

Shops:
D:5 =:!*   D:7 }   D:8 }

Annotations:
D:3 1 runed door
D:4 exclusion: oklob plant


Innate Abilities, Weirdness & Mutations

You cannot wear most types of armour.
You are very stealthy in the water. (Stealth+)
((You are amphibious.))
You can wear up to eight rings at the same time.
((You can use your tentacles to constrict eight enemies at once.))
((Your skin changes colour to match your surroundings (Stealth+).))
((Your rubbery body absorbs attacks. (AC +1, EV +1)))


Message History

The killer bee barely misses you.
The killer bee stings you but does no damage. x2
It was a potion of might.
You feel very mighty all of a sudden.
The killer bee stings you but does no damage. x2
The killer bee stings you.
* * * LOW HITPOINT WARNING * * *
The killer bee stings you.
* * * LOW HITPOINT WARNING * * *
The killer bee stings you but does no damage. x2
Okay, then.
Okay, then.
You pummel the killer bee!!
You kill the killer bee!
The killer bee stings you but does no damage. x2
You barely miss the killer bee. You punch the killer bee!!
You kill the killer bee!
The killer bee stings you but does no damage.
The killer bee stings you.
You die...

#. #. #. ## .#
####..### .#
.......♣# #
......†y# #
.........# #
.......... ##
..........? .##
..........###
..####.........#
#Wo...........#
##.........


You could see a killer bee.

Vanquished Creatures
  Grinder (D:6)
  Sigmund (D:2)
  A hungry ghost (D:8)
  Edmund (D:6)
  3 orc warriors
  3 ogres
  A phantom (D:7)
  2 ice beasts
  2 sky beasts
  3 centaurs
  3 bullfrogs
  2 water moccasin skeletons
  A scorpion (D:5)
  5 killer bees (D:9)
  4 wights
  A howler monkey (D:4)
  2 crimson imps
  A bullfrog zombie (D:7)
  A quasit (D:8)
  4 hounds
  7 orc wizards
  2 bullfrog skeletons (D:5)
  2 orc priests (D:9)
  Natasha (twice) (D:3)
  6 worker ants
  A worker ant zombie (D:8)
  4 gnolls (D:4)
  A howler monkey skeleton (D:4)
  9 adders
  A river rat (D:6)
  3 shadow imps
  3 oozes
  An adder zombie (D:8)
  2 adder skeletons (D:7)
  3 worms
  A dart slug (D:3)
  3 leopard geckos
  28 orcs
  A ball python (D:6)
  13 bats
  3 giant cockroaches
  9 goblins
  10 hobgoblins
  28 jackals
  10 kobolds
  4 quokkas
  5 frilled lizards
  A leopard gecko skeleton (D:4)
  11 rats
216 creatures vanquished.

Vanquished Creatures (others)
  2 plants (D:4)
2 creatures vanquished.

Grand Total: 218 creatures vanquished

Notes
Turn   | Place    | Note
-------+----------+-------------------------------------------
     0 | D:1      | miragecloak the Octopode Transmuter began the quest for the
                  | Orb.
     0 | D:1      | Reached XP level 1. HP: 13/13 MP: 3/3
   108 | D:1      | Reached XP level 2. HP: 17/18 MP: 3/5
   668 | D:1      | Reached XP level 3. HP: 14/23 MP: 4/6
   689 | D:1      | Learned a level 3 spell: Spider Form
  1520 | D:2      | Reached skill level 1 in Poison Magic
  2216 | D:2      | Noticed Sigmund
  2232 | D:2      | Killed Sigmund
  2232 | D:2      | Reached XP level 4. HP: 26/28 MP: 4/7
  2232 | D:2      | Reached XP level 5. HP: 31/33 MP: 4/8
  2294 | D:2      | Reached XP level 6. HP: 26/38 MP: 5/9
  2798 | D:3      | Learned a level 4 spell: Ice Form
  2876 | D:3      | Found a runed door.
  2897 | D:3      | Noticed Natasha
  2906 | D:3      | Killed Natasha
  2912 | D:3      | Reached skill level 1 in Ice Magic
  3696 | D:3      | Noticed Natasha
  3705 | D:3      | Killed Natasha
  4076 | D:4      | Reached XP level 7. HP: 42/43 MP: 7/10
  4124 | D:4      | Reached skill level 5 in Transmutations
  4546 | D:4      | Found a blossoming altar of Fedhas.
  4557 | D:4      | Noticed an oklob plant
  5121 | D:5      | Entered Level 5 of the Dungeon
  5427 | D:5      | Reached XP level 8. HP: 39/48 MP: 8/11
  5454 | D:5      | Found Uchuxim's Jewellery Emporium.
  5695 | D:5      | Found Ynil's Distillery.
  5698 | D:5      | Bought a potion of curing for 30 gold pieces
  5865 | D:5      | Found Sieqi's Book Shop.
  5963 | D:5      | Found Fecoul's General Store.
  5992 | D:5      | Bought a scroll of remove curse for 30 gold pieces
  5992 | D:5      | Bought a scroll of identify for 20 gold pieces
  6462 | D:6      | Noticed Grinder
  6474 | D:6      | Killed Grinder
  6474 | D:6      | Reached skill level 4 in Unarmed Combat
  6634 | D:6      | Noticed Edmund
  6720 | D:6      | Killed Edmund
  6897 | D:6      | Reached skill level 5 in Unarmed Combat
  6905 | D:6      | Reached XP level 9. HP: 24/58 MP: 9/12
  7167 | D:6      | You fall through a shaft!
  7172 | D:7      | Found Hener's Gadget Boutique.
  7183 | D:7      | Found a staircase to the Ecumenical Temple.
  7195 | Temple   | Entered the Ecumenical Temple
  7359 | Temple   | Became a worshipper of the Shining One
  7513 | D:7      | Reached skill level 6 in Unarmed Combat
  8514 | D:7      | Found a shattered altar of Ashenzari.
  8526 | D:7      | Reached skill level 7 in Unarmed Combat
  8814 | D:7      | Reached skill level 8 in Unarmed Combat
  9025 | D:8      | Reached * piety under the Shining One
  9425 | D:8      | Found Uhau's Gadget Boutique.
  9490 | D:8      | Reached skill level 9 in Unarmed Combat
  9533 | D:8      | Noticed a two-headed ogre
  9578 | D:9      | Reached XP level 10. HP: 52/63 MP: 13/13
  9849 | D:9      | Reached skill level 10 in Unarmed Combat
  9850 | D:9      | Reached ** piety under the Shining One
  9926 | D:9      | HP: 3/94 [killer bee (2)]
  9928 | D:9      | Slain by a killer bee

Skill      XL: |  1  2  3  4  5  6  7  8  9 10 |
---------------+-------------------------------+-----
Transmutations | 3 4 6 8 |  8.2
Poison Magic   | 4 |  4.4
Ice Magic      | 2 3 |  3.1
Fighting       | 3 4 |  4.0
Unarmed Combat | 5 9 10 | 10.2
Dodging        | |  2.0
Spellcasting   | |  2.0

Action                   |  1- 3 |  4- 6 |  7- 9 | 10-12 || total
-------------------------+-------+-------+-------+-------++-------
Melee: Unarmed           |   116 |   142 |   295 |    28 ||   581
       Kick              |     9 |       |       |       ||     9
       Constrict         |    17 |     3 |    13 |       ||    33
       Punch             |     1 |       |       |     2 ||     3
       Tentacles         |     3 |     1 |    14 |       ||    18
 Cast: Beastly Appendage |    15 |       |     1 |       ||    16
       Spider Form       |    14 |    31 |    26 |       ||    71
       Ice Form          |       |       |    28 |     2 ||    30
Evoke: Wand              |       |       |       |     2 ||     2
  Use: Scroll            |       |       |     7 |     3 ||    10
       Potion            |       |       |     5 |     6 ||    11
 Stab: Sleeping          |     4 |     1 |       |       ||     5
       Distracted        |       |     1 |       |       ||     1
  Eat: Chunk             |     7 |     8 |    22 |     3 ||    40
       Ration            |       |       |     3 |       ||     3
Armor: Skin              |    16 |     7 |    56 |    19 ||    98
Dodge: Dodged            |    92 |   105 |   191 |    38 ||   426
